Login

Bakersfield Condors vs Manitoba Moose

Created - 11 March 2024 at 23:12

Goals
1 2 3 OT1 T
Bakersfield Condors 4 0 1 1 6
Manitoba Moose 0 1 4 0 5
Shots
1 2 3 OT1 T
Bakersfield Condors 16 9 9 1 35
Manitoba Moose 12 15 17 2 46

GoalsPenalties
1st period
1. Bakersfield Condors , Dylan Holloway 4 (Lane Pederson 5) at 8:07
2. Bakersfield Condors , Lane Pederson 3 (Xavier Bourgault 1, Dylan Holloway 5) at 9:21
3. Bakersfield Condors , Raphael Lavoie 3 (Drake Caggiula 3, Greg McKegg 2) at 19:37
4. Bakersfield Condors , Dylan Holloway 5 (Markus Niemelainen 2, Lane Pederson 6) at 19:52
Markus Niemelainen (BAK) for High sticking (Minor) at 0:16
2nd period
5. Manitoba Moose , Riley Sheahan 2 (Declan Chisholm 1, Brad Lambert 2) at 8:12
Markus Niemelainen (BAK) for Hooking (Minor) at 8:15
3rd period
6. Manitoba Moose , David Gustafsson 3 (Axel Jonsson-Fjallby 4, Ville Heinola 4) at 8:14
7. Manitoba Moose , Lawrence Pilut 1 (Jeffrey Viel 5, Kristian Reichel 4) at 9:32 (PP)
8. Manitoba Moose , Sam Anas 2 (Kyle Capobianco 3, Jeffrey Viel 6) at 10:43 (PP)
9. Manitoba Moose , Kyle Capobianco 1 (David Gustafsson 3, Axel Jonsson-Fjallby 5) at 11:29 (PP)
10. Bakersfield Condors , Drake Caggiula 4 (Greg McKegg 3) at 11:40
Jeff Malott (MTB) for Delaying the game (Minor) at 5:23
Noel Hoefenmayer (BAK) for Hooking (Minor) at 8:58
Lane Pederson (BAK) for Slashing (Double Minor) at 10:00
Overtime #1
11. Bakersfield Condors , Dylan Holloway 6 (Drake Caggiula 4) at 4:01
No Penalty
Goalie Stats
Calvin Pickard (BAK), 41 saves from 46 shots - (0.891), W, 3-2-0, 64:01 minutes
Collin Delia (MTB), 12 saves from 16 shots - (0.750), 19:52 minutes
Olle Eriksson-Ek (MTB), 17 saves from 19 shots - (0.895), OTL, 1-0-1, 44:09 minutes
3 StarsOfficial
1 - Dylan Holloway (BAK)
2 - Lane Pederson (BAK)
3 - Drake Caggiula (BAK)
Referees : Dean Morton and Mike Duco
Linesman : Kiel Murchison and Steve Miller
Game Note
Olle Eriksson-Ek enters game at 19:52 of 1st period
Dylan Holloway has scored a Hat Trick!
Finance
Level 1 -- Attendance: 2000 (100.00%) -- Ticket Income $70,000
Level 2 -- Attendance: 881 (88.10%) -- Ticket Income $13,215
Total Attendance: 2881 (96.03%)
Total Ticket Income: $83,215
Other Income: $40,775
Total Income: $123,990



Team Name Goals Shots Shots Attemp Shots Blocked PIM HIT PP PK FO%
Bakersfield Condors 635731310280 / 1 (0%)341%
Manitoba Moose 5467592263 / 5 (60%)059%

Bakersfield Condors
Player Name POS G A P +/- PIM HIT SHT SB MP PP MP PP SHT PK MP PK SHT FO% FOT GA TA
Ben GleasonD0002000013:130:0000:2900% 000
Cam DineenD000-1000119:570:3802:1000% 002
Carl BerglundC000000000:510:0000:5100% 000
Carter SavoieLW000000000:380:0000:0000% 000
Drake CaggiulaLW1231023121:020:4502:2000% 130
Dylan HollowayLW3144019026:301:1413:49033% 912
Greg McKeggC0220033017:040:4500:00054% 1300
James HamblinLW0000024418:471:1402:2500% 010
Lane PedersonC1233465223:441:1412:30041% 2910
Markus NiemelainenD0113421127:121:2101:4300% 000
Noah PhilpLW0000021016:190:0000:07030% 1000
Noel HoefenmayerD0002200014:410:0001:4900% 001
Philip BrobergD0002012230:091:2104:0200% 011
Philip KempD000-1042019:320:3801:4900% 001
Raphael LavoieRW1010032118:020:4500:00050% 200
Seth GriffithRW0000021014:250:0000:0000% 010
Ty TullioRW000000003:330:0000:00050% 200
Xavier BourgaultRW0113002120:190:0000:0000% 001
Manitoba Moose
Player Name POS G A P +/- PIM HIT SHT SB MP PP MP PP SHT PK MP PK SHT FO% FOT GA TA
Artemi KniazevD0000000012:190:0000:0000% 000
Axel Jonsson-FjallbyLW022-1043124:293:4601:0800% 120
Brad LambertRW0111001012:030:0600:0000% 001
Brandon GignacLW000000007:120:0000:3200% 002
Daniel TorgerssonLW000001006:250:0000:0000% 000
David GustafssonC112-2018024:193:4611:08069% 3210
Declan ChisholmD0110001012:190:0000:0000% 000
Dominic ToninatoC000003408:220:0600:0000% 211
Jeff MalottLW0002211012:120:0000:0000% 000
Jeffrey VielLW022-3047018:032:0900:1900% 001
Kristian ReichelC011-4027219:122:0900:26047% 1500
Kyle CapobiancoD112-3031128:194:2211:1700% 001
Lawrence PilutD101-3021228:224:2211:1700% 021
Riley SheahanC1011033113:380:0600:25078% 910
Saku MaenalanenRW000-2021022:293:4610:00043% 701
Sam AnasRW101-3002017:382:0910:0000% 010
Simon LundmarkD0000001020:481:3900:4200% 000
Ville HeinolaD011-1005221:541:3900:4200% 000

Bakersfield Condors

5 vs 5 Forward
Line #Left WingCenterRight WingPHYDFOFWanted %Time %Time Play
1Dylan HollowayLane PedersonXavier Bourgault1224036%18:56
2Drake CaggiulaGreg McKeggRaphael Lavoie1223033%17:04
3James HamblinNoah PhilpSeth Griffith1222027%13:57
4Noah PhilpDylan HollowayXavier Bourgault122104%2:03
5 vs 5 Defense
Line #DefenseDefensePHYDFOFWanted %Time %Time Play
1Philip BrobergMarkus Niemelainen1224040%20:33
2Philip KempCam Dineen1223033%16:55
3Ben GleasonNoel Hoefenmayer1222023%11:54
4Philip BrobergMarkus Niemelainen122105%2:38
Power Play Forward
Line #Left WingCenterRight WingPHYDFOFWanted %Time %Time Play
1Dylan HollowayLane PedersonJames Hamblin1226062%1:14
2Drake CaggiulaGreg McKeggRaphael Lavoie1224038%0:45
Power Play Defense
Line #DefenseDefensePHYDFOFWanted %Time %Time Play
1Philip BrobergMarkus Niemelainen1226068%1:21
2Philip KempCam Dineen1224032%0:38
Penalty Kill 4 Players Forward
Line #CenterWingPHYDFOFWanted %Time %Time Play
1Dylan HollowayLane Pederson1226083%5:01
2Drake CaggiulaJames Hamblin1224017%1:00
Penalty Kill 4 Players Defense
Line #DefenseDefensePHYDFOFWanted %Time %Time Play
1Philip BrobergMarkus Niemelainen1226073%4:22
2Philip KempCam Dineen1224027%1:39
Penalty Kill 3 Players
Line #WingPHYDFOFWanted %Time %Time PlayDefenseDefensePHYDFOFWanted %Time %Time Play
1Dylan Holloway122600%0:00 Philip BrobergMarkus Niemelainen122600%0:00
2Lane Pederson122400%0:00 Philip KempCam Dineen122400%0:00
4 vs 4 Forward
Line #CenterWingPHYDFOFWanted %Time %Time Play
1Dylan HollowayLane Pederson122600%0:00
2Drake CaggiulaJames Hamblin122400%0:00
4 vs 4 Defense
Line #DefensePHYDFOFWanted %Time %Time Play
1Philip BrobergMarkus Niemelainen122600%0:00
2Philip KempCam Dineen122400%0:00
Last Minutes Offensive
Left WingCenterRight WingDefenseDefense
Dylan HollowayLane PedersonDrake CaggiulaPhilip BrobergMarkus Niemelainen
Last Minutes Defensive
Left WingCenterRight WingDefenseDefense
Dylan HollowayLane PedersonDrake CaggiulaPhilip BrobergMarkus Niemelainen
Time
Total ForwardTotal DefenseLast Minutes OffensiveLast Minutes Defensive
60:00 60:00 0:000:00
Extra Forwards
Normal PowerPlayPenalty Kill
Ty Tullio, Carter Savoie, James HamblinTy Tullio, Carter SavoieJames Hamblin
Extra Defensemen
Normal PowerPlayPenalty Kill
Ben Gleason, Noel Hoefenmayer, Philip KempBen Gleason, Noel HoefenmayerPhilip Kemp
Penalty Shots
Dylan Holloway, Lane Pederson, Drake Caggiula, Raphael Lavoie, James Hamblin
Goalie
Calvin Pickard, Olivier Rodrigue
Custom OT Lines Forwards
Dylan Holloway, Lane Pederson, Drake Caggiula, Ty Tullio, James Hamblin, Raphael Lavoie, Seth Griffith, Noah Philp, Xavier Bourgault, Greg McKegg
Custom OT Lines Defensemen
Philip Broberg, Markus Niemelainen, Philip Kemp, Cam Dineen, Ben Gleason
Scratches
Connor Brown (Healthy), Ryan Fanti (Healthy)

Manitoba Moose

5 vs 5 Forward
Line #Left WingCenterRight WingPHYDFOFWanted %Time %Time Play
1Axel Jonsson-FjallbyDavid GustafssonSaku Maenalanen1224037%19:14
2Jeffrey VielKristian ReichelSam Anas1223029%15:09
3Jeff MalottRiley SheahanBrad Lambert1222022%11:12
4Daniel TorgerssonDominic ToninatoBrandon Gignac1221012%6:25
5 vs 5 Defense
Line #DefenseDefensePHYDFOFWanted %Time %Time Play
1Lawrence PilutKyle Capobianco1224036%18:56
2Ville HeinolaSimon Lundmark1223035%18:27
3Declan ChisholmArtemi Kniazev1222024%12:19
4Lawrence PilutKyle Capobianco122104%2:18
Power Play Forward
Line #Left WingCenterRight WingPHYDFOFWanted %Time %Time Play
1Axel Jonsson-FjallbyDavid GustafssonSaku Maenalanen1226064%3:52
2Jeffrey VielKristian ReichelSam Anas1224036%2:09
Power Play Defense
Line #DefenseDefensePHYDFOFWanted %Time %Time Play
1Lawrence PilutKyle Capobianco1226073%4:22
2Ville HeinolaSimon Lundmark1224027%1:39
Penalty Kill 4 Players Forward
Line #CenterWingPHYDFOFWanted %Time %Time Play
1David GustafssonAxel Jonsson-Fjallby1226084%1:40
2Kristian ReichelJeffrey Viel1224016%0:19
Penalty Kill 4 Players Defense
Line #DefenseDefensePHYDFOFWanted %Time %Time Play
1Lawrence PilutKyle Capobianco1226065%1:17
2Ville HeinolaSimon Lundmark1224035%0:42
Penalty Kill 3 Players
Line #WingPHYDFOFWanted %Time %Time PlayDefenseDefensePHYDFOFWanted %Time %Time Play
1David Gustafsson122600%0:00 Lawrence PilutKyle Capobianco122600%0:00
2Kristian Reichel122400%0:00 Ville HeinolaSimon Lundmark122400%0:00
4 vs 4 Forward
Line #CenterWingPHYDFOFWanted %Time %Time Play
1David GustafssonAxel Jonsson-Fjallby122600%0:00
2Kristian ReichelJeffrey Viel122400%0:00
4 vs 4 Defense
Line #DefensePHYDFOFWanted %Time %Time Play
1Lawrence PilutKyle Capobianco122600%0:00
2Ville HeinolaSimon Lundmark122400%0:00
Last Minutes Offensive
Left WingCenterRight WingDefenseDefense
Axel Jonsson-FjallbyDavid GustafssonSaku MaenalanenLawrence PilutKyle Capobianco
Last Minutes Defensive
Left WingCenterRight WingDefenseDefense
Axel Jonsson-FjallbyDavid GustafssonSaku MaenalanenLawrence PilutKyle Capobianco
Time
Total ForwardTotal DefenseLast Minutes OffensiveLast Minutes Defensive
60:00 60:00 0:000:00
Extra Forwards
Normal PowerPlayPenalty Kill
Riley Sheahan, Dominic Toninato, Jeffrey VielRiley Sheahan, Dominic ToninatoRiley Sheahan
Extra Defensemen
Normal PowerPlayPenalty Kill
Simon Lundmark, Declan Chisholm, Artemi KniazevSimon Lundmark, Simon LundmarkDeclan Chisholm
Penalty Shots
Saku Maenalanen, Axel Jonsson-Fjallby, David Gustafsson, Kristian Reichel, Riley Sheahan
Goalie
Collin Delia, Olle Eriksson-Ek
Custom OT Lines Forwards
Saku Maenalanen, Axel Jonsson-Fjallby, David Gustafsson, Kristian Reichel, Riley Sheahan, Dominic Toninato, Jeffrey Viel, Jeff Malott, Brandon Gignac, Daniel Torgersson
Custom OT Lines Defensemen
Lawrence Pilut, Kyle Capobianco, Ville Heinola, Simon Lundmark, Declan Chisholm
Scratches
Tyrel Bauer (Healthy), Wyatt Bongiovanni (Healthy), Parker Ford (Healthy), Chaz Lucius (Healthy), Henri Nikkanen (Healthy) Cole Perfetti (Healthy), Ashton Sautner (Healthy), Oskari Salminen (Healthy)


Play-by-Play

1st period


0:01 of 1st period - David Gustafsson wins face-off versus Lane Pederson in neutral zone.
0:01 of 1st period - David Gustafsson is hit by Markus Niemelainen.
0:04 of 1st period - Off-side.
0:05 of 1st period - David Gustafsson wins face-off versus Lane Pederson in neutral zone.
0:16 of 1st period - Minor Penalty to Markus Niemelainen for High sticking.
0:17 of 1st period - David Gustafsson wins face-off versus Dylan Holloway in Bakersfield Condors zone.
0:53 of 1st period - Philip Kemp is hit by Kyle Capobianco and loses puck.
1:10 of 1st period - Axel Jonsson-Fjallby is hit by Dylan Holloway and loses puck.
2:16 of 1st period - Penalty to Markus Niemelainen is over, Markus Niemelainen is back on ice.
2:22 of 1st period - Riley Sheahan is hit by Markus Niemelainen and loses puck.
2:31 of 1st period - Ville Heinola is hit by Drake Caggiula and loses puck.
2:38 of 1st period - Snap shot by Drake Caggiula.
2:38 of 1st period - Shot Misses the Net.
2:40 of 1st period - Slapshot by Philip Broberg.
2:40 of 1st period - Stopped by Collin Delia with a rebound.
2:42 of 1st period - Slapshot by Markus Niemelainen.
2:42 of 1st period - Shot Misses the Net.
2:48 of 1st period - Slapshot by Philip Broberg.
2:48 of 1st period - Stopped by Collin Delia with a rebound.
2:50 of 1st period - Snap shot by Markus Niemelainen.
2:50 of 1st period - Shot Blocked by Riley Sheahan.
2:52 of 1st period - Slapshot by Philip Broberg.
2:52 of 1st period - Shot Misses the Net.
2:54 of 1st period - Slapshot by Drake Caggiula.
2:54 of 1st period - Shot Misses the Net.
2:56 of 1st period - Wrist shot by Drake Caggiula.
2:56 of 1st period - Shot Misses the Net.
2:58 of 1st period - Snap shot by Philip Broberg.
2:58 of 1st period - Shot Blocked by Ville Heinola.
3:00 of 1st period - Wrist shot by Philip Broberg.
3:00 of 1st period - Deflect By Drake Caggiula.
3:00 of 1st period - Shot Hit the Post.
3:00 of 1st period - Puck is out of play.
3:01 of 1st period - Kristian Reichel wins face-off versus Lane Pederson in Manitoba Moose zone.
3:10 of 1st period - Snap shot by Jeffrey Viel.
3:10 of 1st period - Stopped by Calvin Pickard with a rebound.
3:12 of 1st period - Snap shot by Kristian Reichel.
3:12 of 1st period - Deflect By Jeffrey Viel.
3:12 of 1st period - Stopped by Calvin Pickard with a rebound.
4:03 of 1st period - Riley Sheahan is hit by Lane Pederson and loses puck.
4:46 of 1st period - Dylan Holloway is hit by Dominic Toninato and loses puck.
4:59 of 1st period - Philip Broberg is hit by Jeffrey Viel and loses puck.
5:12 of 1st period - Ville Heinola is hit by Raphael Lavoie and loses puck.
5:40 of 1st period - Snap shot by Axel Jonsson-Fjallby.
5:40 of 1st period - Stopped by Calvin Pickard with a rebound.
6:16 of 1st period - Slapshot by Kyle Capobianco.
6:16 of 1st period - Shot Misses the Net.
6:44 of 1st period - Slapshot by Lawrence Pilut.
6:44 of 1st period - Deflect By David Gustafsson.
6:44 of 1st period - Stopped by Calvin Pickard with a rebound.
7:43 of 1st period - Wrist shot by Kristian Reichel.
7:43 of 1st period - Stopped by Calvin Pickard with a rebound.
7:53 of 1st period - Cam Dineen is hit by Axel Jonsson-Fjallby and loses puck.
8:00 of 1st period - David Gustafsson is hit by Lane Pederson and loses puck.
8:07 of 1st period - Snap shot by Dylan Holloway.
8:07 of 1st period - Goal by Dylan Holloway - Bakersfield Condors : 1 - Manitoba Moose : 0.
8:08 of 1st period - Kristian Reichel wins face-off versus Greg McKegg in neutral zone.
8:13 of 1st period - Wrist shot by Sam Anas.
8:13 of 1st period - Shot Blocked by Philip Broberg.
8:21 of 1st period - Snap shot by Drake Caggiula.
8:21 of 1st period - Stopped by Collin Delia without a rebound.
8:22 of 1st period - David Gustafsson wins face-off versus Noah Philp in Manitoba Moose zone.
8:22 of 1st period - David Gustafsson is hit by James Hamblin.
8:48 of 1st period - Jeffrey Viel is hit by Greg McKegg.
9:09 of 1st period - Snap shot by Lane Pederson.
9:09 of 1st period - Shot Misses the Net.
9:11 of 1st period - Wrist shot by Xavier Bourgault.
9:11 of 1st period - Stopped by Collin Delia without a rebound.
9:12 of 1st period - Lane Pederson wins face-off versus Kristian Reichel in Manitoba Moose zone.
9:17 of 1st period - Slapshot by Dylan Holloway.
9:17 of 1st period - Shot Blocked by Kristian Reichel.
9:19 of 1st period - Slapshot by Dylan Holloway.
9:19 of 1st period - Deflect By Xavier Bourgault.
9:19 of 1st period - Stopped by Collin Delia with a rebound.
9:21 of 1st period - Wrist shot by Lane Pederson.
9:21 of 1st period - Goal by Lane Pederson - Bakersfield Condors : 2 - Manitoba Moose : 0.
9:22 of 1st period - Lane Pederson wins face-off versus Saku Maenalanen in neutral zone.
9:30 of 1st period - Off-side.
9:31 of 1st period - Lane Pederson wins face-off versus David Gustafsson in neutral zone.
10:02 of 1st period - Wrist shot by Axel Jonsson-Fjallby.
10:02 of 1st period - Stopped by Calvin Pickard with a rebound.
10:26 of 1st period - Wrist shot by Axel Jonsson-Fjallby.
10:26 of 1st period - Stopped by Calvin Pickard without a rebound.
10:27 of 1st period - Greg McKegg wins face-off versus Kristian Reichel in Bakersfield Condors zone.
10:27 of 1st period - Greg McKegg is hit by Jeffrey Viel.
10:42 of 1st period - Snap shot by Drake Caggiula.
10:42 of 1st period - Shot Misses the Net.
10:54 of 1st period - Seth Griffith is hit by Kyle Capobianco and loses puck.
11:17 of 1st period - Snap shot by Dominic Toninato.
11:17 of 1st period - Shot Misses the Net.
11:19 of 1st period - Slapshot by Kyle Capobianco.
11:19 of 1st period - Deflect By Dominic Toninato.
11:19 of 1st period - Stopped by Calvin Pickard with a rebound.
11:21 of 1st period - Slapshot by Lawrence Pilut.
11:21 of 1st period - Shot Blocked by Drake Caggiula.
11:23 of 1st period - Slapshot by Kyle Capobianco.
11:23 of 1st period - Deflect By Dominic Toninato.
11:23 of 1st period - Shot Misses the Net.
11:23 of 1st period - Puck is out of play.
11:24 of 1st period - Noah Philp wins face-off versus Kristian Reichel in Bakersfield Condors zone.
11:24 of 1st period - Noah Philp is hit by Jeffrey Viel.
11:29 of 1st period - Off-side.
11:30 of 1st period - Kristian Reichel wins face-off versus Noah Philp in neutral zone.
11:33 of 1st period - Wrist shot by Kristian Reichel.
11:33 of 1st period - Stopped by Calvin Pickard with a rebound.
11:39 of 1st period - Snap shot by Markus Niemelainen.
11:39 of 1st period - Shot Misses the Net.
11:41 of 1st period - Wrist shot by Seth Griffith.
11:41 of 1st period - Stopped by Collin Delia with a rebound.
11:43 of 1st period - Snap shot by Noah Philp.
11:43 of 1st period - Stopped by Collin Delia with a rebound.
11:45 of 1st period - Slapshot by James Hamblin.
11:45 of 1st period - Stopped by Collin Delia without a rebound.
11:46 of 1st period - Lane Pederson wins face-off versus Riley Sheahan in Manitoba Moose zone.
11:47 of 1st period - Snap shot by Dylan Holloway.
11:47 of 1st period - Deflect By Lane Pederson.
11:47 of 1st period - Shot Misses the Net.
11:47 of 1st period - Puck is out of play.
11:48 of 1st period - Lane Pederson wins face-off versus Riley Sheahan in Manitoba Moose zone.
11:49 of 1st period - Wrist shot by Dylan Holloway.
11:49 of 1st period - Stopped by Collin Delia with a rebound.
11:51 of 1st period - Snap shot by Xavier Bourgault.
11:51 of 1st period - Shot Blocked by Lawrence Pilut.
11:53 of 1st period - Snap shot by Lane Pederson.
11:53 of 1st period - Deflect By Xavier Bourgault.
11:53 of 1st period - Shot Blocked by Kyle Capobianco.
11:53 of 1st period - Puck is out of play.
11:54 of 1st period - Riley Sheahan wins face-off versus Lane Pederson in Manitoba Moose zone.
12:27 of 1st period - Snap shot by James Hamblin.
12:27 of 1st period - Stopped by Collin Delia without a rebound.
12:28 of 1st period - David Gustafsson wins face-off versus Noah Philp in Manitoba Moose zone.
13:40 of 1st period - Snap shot by Lane Pederson.
13:40 of 1st period - Shot Misses the Net.
15:16 of 1st period - Slapshot by Ville Heinola.
15:16 of 1st period - Shot Blocked by Xavier Bourgault.
15:18 of 1st period - Slapshot by Ville Heinola.
15:18 of 1st period - Shot Misses the Net.
15:20 of 1st period - Slapshot by Ville Heinola.
15:20 of 1st period - Stopped by Calvin Pickard with a rebound.
15:22 of 1st period - Wrist shot by Dominic Toninato.
15:22 of 1st period - Shot Misses the Net.
15:51 of 1st period - Noah Philp is hit by Saku Maenalanen and loses puck.
16:13 of 1st period - Ben Gleason is hit by Jeff Malott and loses puck.
16:32 of 1st period - Lane Pederson is hit by Dominic Toninato and loses puck.
16:45 of 1st period - Xavier Bourgault is hit by Jeffrey Viel and loses puck.
17:48 of 1st period - Jeffrey Viel is hit by Philip Kemp and loses puck.
18:51 of 1st period - Snap shot by Jeffrey Viel.
18:51 of 1st period - Stopped by Calvin Pickard without a rebound.
18:52 of 1st period - Kristian Reichel wins face-off versus Ty Tullio in Bakersfield Condors zone.
18:57 of 1st period - Snap shot by Kristian Reichel.
18:57 of 1st period - Stopped by Calvin Pickard without a rebound.
18:58 of 1st period - Ty Tullio wins face-off versus David Gustafsson in Bakersfield Condors zone.
18:58 of 1st period - Ty Tullio is hit by Axel Jonsson-Fjallby.
19:04 of 1st period - Slapshot by James Hamblin.
19:04 of 1st period - Shot Blocked by Ville Heinola.
19:07 of 1st period - Icing by Axel Jonsson-Fjallby.
19:08 of 1st period - David Gustafsson wins face-off versus Dylan Holloway in Manitoba Moose zone.
19:23 of 1st period - Wrist shot by Dylan Holloway.
19:23 of 1st period - Shot Misses the Net.
19:37 of 1st period - Snap shot by Raphael Lavoie.
19:37 of 1st period - Goal by Raphael Lavoie - Bakersfield Condors : 3 - Manitoba Moose : 0.
19:38 of 1st period - Lane Pederson wins face-off versus David Gustafsson in neutral zone.
19:41 of 1st period - Wrist shot by Lane Pederson.
19:41 of 1st period - Stopped by Collin Delia with a rebound.
19:43 of 1st period - Snap shot by Dylan Holloway.
19:43 of 1st period - Deflect By Xavier Bourgault.
19:43 of 1st period - Shot Misses the Net.
19:43 of 1st period - Puck is out of play.
19:44 of 1st period - Lane Pederson wins face-off versus David Gustafsson in Manitoba Moose zone.
19:50 of 1st period - Slapshot by Markus Niemelainen.
19:50 of 1st period - Stopped by Collin Delia with a rebound.
19:52 of 1st period - Snap shot by Dylan Holloway.
19:52 of 1st period - Goal by Dylan Holloway - Bakersfield Condors : 4 - Manitoba Moose : 0.
19:52 of 1st period - Olle Eriksson-Ek enters game.
19:53 of 1st period - David Gustafsson wins face-off versus Lane Pederson in neutral zone.
19:53 of 1st period - David Gustafsson is hit by Lane Pederson.
19:59 of 1st period - Philip Broberg is hit by David Gustafsson.
Goals for this period are 4 for Bakersfield Condors vs 0 for Manitoba Moose.
Shots for this period are 16 for Bakersfield Condors vs 12 for Manitoba Moose.

2nd period


0:01 of 2nd period - Noah Philp wins face-off versus David Gustafsson in neutral zone.
0:10 of 2nd period - Wrist shot by Dylan Holloway.
0:10 of 2nd period - Shot Misses the Net.
0:30 of 2nd period - Snap shot by Kristian Reichel.
0:30 of 2nd period - Stopped by Calvin Pickard with a rebound.
0:44 of 2nd period - Icing by Drake Caggiula.
0:45 of 2nd period - Riley Sheahan wins face-off versus Noah Philp in Bakersfield Condors zone.
1:10 of 2nd period - Axel Jonsson-Fjallby is hit by Lane Pederson and loses puck.
1:15 of 2nd period - Slapshot by Lane Pederson.
1:15 of 2nd period - Shot Misses the Net.
1:17 of 2nd period - Slapshot by Markus Niemelainen.
1:17 of 2nd period - Deflect By Dylan Holloway.
1:17 of 2nd period - Shot Misses the Net.
1:17 of 2nd period - Puck is out of play.
1:18 of 2nd period - Lane Pederson wins face-off versus Kristian Reichel in Manitoba Moose zone.
1:29 of 2nd period - Wrist shot by Dylan Holloway.
1:29 of 2nd period - Stopped by Olle Eriksson-Ek with a rebound.
1:31 of 2nd period - Wrist shot by Dylan Holloway.
1:31 of 2nd period - Shot Misses the Net.
1:33 of 2nd period - Slapshot by Dylan Holloway.
1:33 of 2nd period - Shot Blocked by Lawrence Pilut.
1:52 of 2nd period - Slapshot by Drake Caggiula.
1:52 of 2nd period - Deflect By Greg McKegg.
1:52 of 2nd period - Stopped by Olle Eriksson-Ek with a rebound.
2:06 of 2nd period - Wrist shot by Riley Sheahan.
2:06 of 2nd period - Shot Blocked by James Hamblin.
2:12 of 2nd period - Kyle Capobianco is hit by Seth Griffith and loses puck.
2:39 of 2nd period - Drake Caggiula is hit by Kyle Capobianco.
2:43 of 2nd period - Snap shot by Jeffrey Viel.
2:43 of 2nd period - Stopped by Calvin Pickard without a rebound.
2:44 of 2nd period - Dylan Holloway wins face-off versus Kristian Reichel in Bakersfield Condors zone.
2:54 of 2nd period - Off-side.
2:55 of 2nd period - David Gustafsson wins face-off versus Lane Pederson in neutral zone.
2:58 of 2nd period - Philip Broberg is hit by Saku Maenalanen and loses puck.
4:15 of 2nd period - James Hamblin is hit by Riley Sheahan and loses puck.
4:30 of 2nd period - Slapshot by Kristian Reichel.
4:30 of 2nd period - Stopped by Calvin Pickard with a rebound.
4:47 of 2nd period - Snap shot by David Gustafsson.
4:47 of 2nd period - Stopped by Calvin Pickard with a rebound.
4:49 of 2nd period - Snap shot by Simon Lundmark.
4:49 of 2nd period - Stopped by Calvin Pickard with a rebound.
4:51 of 2nd period - Slapshot by Ville Heinola.
4:51 of 2nd period - Deflect By David Gustafsson.
4:51 of 2nd period - Stopped by Calvin Pickard without a rebound.
4:52 of 2nd period - David Gustafsson wins face-off versus Lane Pederson in Bakersfield Condors zone.
4:56 of 2nd period - Icing by Noel Hoefenmayer.
4:57 of 2nd period - David Gustafsson wins face-off versus Lane Pederson in Bakersfield Condors zone.
6:13 of 2nd period - Icing by David Gustafsson.
6:14 of 2nd period - Greg McKegg wins face-off versus David Gustafsson in Manitoba Moose zone.
6:15 of 2nd period - Wrist shot by Drake Caggiula.
6:15 of 2nd period - Shot Misses the Net.
6:17 of 2nd period - Wrist shot by James Hamblin.
6:17 of 2nd period - Stopped by Olle Eriksson-Ek with a rebound.
6:19 of 2nd period - Wrist shot by Seth Griffith.
6:19 of 2nd period - Shot Misses the Net.
6:21 of 2nd period - Slapshot by Philip Kemp.
6:21 of 2nd period - Stopped by Olle Eriksson-Ek with a rebound.
6:23 of 2nd period - Slapshot by James Hamblin.
6:23 of 2nd period - Shot Misses the Net.
7:20 of 2nd period - Wrist shot by David Gustafsson.
7:20 of 2nd period - Stopped by Calvin Pickard without a rebound.
7:21 of 2nd period - Saku Maenalanen wins face-off versus Lane Pederson in Bakersfield Condors zone.
7:59 of 2nd period - Snap shot by James Hamblin.
7:59 of 2nd period - Stopped by Olle Eriksson-Ek without a rebound.
8:00 of 2nd period - Riley Sheahan wins face-off versus Greg McKegg in Manitoba Moose zone.
8:00 of 2nd period - Riley Sheahan is hit by Raphael Lavoie.
8:06 of 2nd period - Slapshot by Riley Sheahan.
8:06 of 2nd period - Shot Misses the Net.
8:08 of 2nd period - Snap shot by Brad Lambert.
8:08 of 2nd period - Shot Misses the Net.
8:10 of 2nd period - Slapshot by Declan Chisholm.
8:10 of 2nd period - Shot Misses the Net.
8:12 of 2nd period - Snap shot by Riley Sheahan.
8:12 of 2nd period - Goal by Riley Sheahan - Bakersfield Condors : 4 - Manitoba Moose : 1.
8:13 of 2nd period - Lane Pederson wins face-off versus David Gustafsson in neutral zone.
8:15 of 2nd period - Minor Penalty to Markus Niemelainen for Hooking.
8:16 of 2nd period - David Gustafsson wins face-off versus Dylan Holloway in Bakersfield Condors zone.
8:18 of 2nd period - Wrist shot by Axel Jonsson-Fjallby.
8:18 of 2nd period - Shot Blocked by Lane Pederson.
8:20 of 2nd period - Wrist shot by Saku Maenalanen.
8:20 of 2nd period - Stopped by Calvin Pickard with a rebound.
10:15 of 2nd period - Penalty to Markus Niemelainen is over, Markus Niemelainen is back on ice.
10:25 of 2nd period - Snap shot by Riley Sheahan.
10:25 of 2nd period - Stopped by Calvin Pickard without a rebound.
10:26 of 2nd period - Riley Sheahan wins face-off versus Noah Philp in Bakersfield Condors zone.
10:27 of 2nd period - Snap shot by Jeff Malott.
10:27 of 2nd period - Stopped by Calvin Pickard with a rebound.
10:51 of 2nd period - Markus Niemelainen is hit by Dominic Toninato and loses puck.
11:10 of 2nd period - Jeffrey Viel is hit by James Hamblin and loses puck.
12:15 of 2nd period - Slapshot by Dominic Toninato.
12:15 of 2nd period - Shot Misses the Net.
12:17 of 2nd period - Wrist shot by Dominic Toninato.
12:17 of 2nd period - Stopped by Calvin Pickard without a rebound.
12:18 of 2nd period - David Gustafsson wins face-off versus Greg McKegg in Bakersfield Condors zone.
12:23 of 2nd period - Wrist shot by David Gustafsson.
12:23 of 2nd period - Stopped by Calvin Pickard without a rebound.
12:24 of 2nd period - Greg McKegg wins face-off versus David Gustafsson in Bakersfield Condors zone.
13:33 of 2nd period - Snap shot by Lane Pederson.
13:33 of 2nd period - Stopped by Olle Eriksson-Ek with a rebound.
13:35 of 2nd period - Slapshot by Dylan Holloway.
13:35 of 2nd period - Stopped by Olle Eriksson-Ek with a rebound.
14:05 of 2nd period - Icing by Simon Lundmark.
14:06 of 2nd period - David Gustafsson wins face-off versus Noah Philp in Manitoba Moose zone.
14:06 of 2nd period - David Gustafsson is hit by Noah Philp.
14:09 of 2nd period - Axel Jonsson-Fjallby is hit by Seth Griffith and loses puck.
15:34 of 2nd period - James Hamblin is hit by Kristian Reichel and loses puck.
15:45 of 2nd period - Noah Philp is hit by Riley Sheahan and loses puck.
15:50 of 2nd period - Slapshot by Riley Sheahan.
15:50 of 2nd period - Shot Blocked by James Hamblin.
16:05 of 2nd period - Xavier Bourgault is hit by Daniel Torgersson and loses puck.
16:46 of 2nd period - Jeffrey Viel is hit by Lane Pederson and loses puck.
17:05 of 2nd period - Slapshot by Ville Heinola.
17:05 of 2nd period - Shot Misses the Net.
17:07 of 2nd period - Snap shot by Brad Lambert.
17:07 of 2nd period - Stopped by Calvin Pickard without a rebound.
17:08 of 2nd period - Greg McKegg wins face-off versus Kristian Reichel in Bakersfield Condors zone.
17:08 of 2nd period - Greg McKegg is hit by Kristian Reichel.
17:14 of 2nd period - Raphael Lavoie is hit by Lawrence Pilut and loses puck.
17:33 of 2nd period - Lawrence Pilut is hit by Philip Kemp and loses puck.
17:38 of 2nd period - Wrist shot by Dylan Holloway.
17:38 of 2nd period - Shot Misses the Net.
17:40 of 2nd period - Slapshot by Markus Niemelainen.
17:40 of 2nd period - Deflect By Dylan Holloway.
17:40 of 2nd period - Stopped by Olle Eriksson-Ek without a rebound.
17:41 of 2nd period - David Gustafsson wins face-off versus Lane Pederson in Manitoba Moose zone.
18:06 of 2nd period - Snap shot by Drake Caggiula.
18:06 of 2nd period - Deflect By Greg McKegg.
18:06 of 2nd period - Stopped by Olle Eriksson-Ek with a rebound.
18:18 of 2nd period - Wrist shot by Jeffrey Viel.
18:18 of 2nd period - Deflect By Kristian Reichel.
18:18 of 2nd period - Stopped by Calvin Pickard without a rebound.
18:19 of 2nd period - Riley Sheahan wins face-off versus Lane Pederson in Bakersfield Condors zone.
18:26 of 2nd period - Riley Sheahan is hit by Lane Pederson and loses puck.
18:35 of 2nd period - Kyle Capobianco is hit by Philip Kemp and loses puck.
19:52 of 2nd period - Saku Maenalanen is hit by Greg McKegg and loses puck.
Goals for this period are 0 for Bakersfield Condors vs 1 for Manitoba Moose.
Shots for this period are 9 for Bakersfield Condors vs 15 for Manitoba Moose.

3rd period


0:01 of 3rd period - David Gustafsson wins face-off versus Lane Pederson in neutral zone.
0:49 of 3rd period - James Hamblin is hit by Riley Sheahan and loses puck.
0:56 of 3rd period - Snap shot by Ville Heinola.
0:56 of 3rd period - Stopped by Calvin Pickard with a rebound.
0:58 of 3rd period - Slapshot by Ville Heinola.
0:58 of 3rd period - Stopped by Calvin Pickard without a rebound.
0:59 of 3rd period - David Gustafsson wins face-off versus Lane Pederson in Bakersfield Condors zone.
1:30 of 3rd period - Snap shot by Kristian Reichel.
1:30 of 3rd period - Deflect By Jeffrey Viel.
1:30 of 3rd period - Stopped by Calvin Pickard without a rebound.
1:31 of 3rd period - David Gustafsson wins face-off versus Greg McKegg in Bakersfield Condors zone.
1:44 of 3rd period - Slapshot by Drake Caggiula.
1:44 of 3rd period - Shot Misses the Net.
1:46 of 3rd period - Snap shot by Greg McKegg.
1:46 of 3rd period - Stopped by Olle Eriksson-Ek with a rebound.
1:56 of 3rd period - Kyle Capobianco is hit by Noah Philp.
2:05 of 3rd period - Off-side.
2:06 of 3rd period - Kristian Reichel wins face-off versus Greg McKegg in neutral zone.
2:15 of 3rd period - Slapshot by Cam Dineen.
2:15 of 3rd period - Shot Misses the Net.
2:17 of 3rd period - Wrist shot by Philip Kemp.
2:17 of 3rd period - Stopped by Olle Eriksson-Ek with a rebound.
2:19 of 3rd period - Snap shot by Greg McKegg.
2:19 of 3rd period - Shot Hit the Post.
2:21 of 3rd period - Slapshot by Philip Kemp.
2:21 of 3rd period - Shot Misses the Net.
3:03 of 3rd period - Slapshot by Artemi Kniazev.
3:03 of 3rd period - Shot Blocked by James Hamblin.
3:05 of 3rd period - Wrist shot by Dominic Toninato.
3:05 of 3rd period - Shot Misses the Net.
3:54 of 3rd period - Snap shot by Kristian Reichel.
3:54 of 3rd period - Stopped by Calvin Pickard with a rebound.
4:12 of 3rd period - Snap shot by Riley Sheahan.
4:12 of 3rd period - Stopped by Calvin Pickard with a rebound.
4:14 of 3rd period - Slapshot by Ville Heinola.
4:14 of 3rd period - Shot Blocked by James Hamblin.
4:16 of 3rd period - Slapshot by Ville Heinola.
4:16 of 3rd period - Stopped by Calvin Pickard without a rebound.
4:17 of 3rd period - Noah Philp wins face-off versus Dominic Toninato in Bakersfield Condors zone.
5:23 of 3rd period - Minor Penalty to Jeff Malott for Delaying the game.
5:24 of 3rd period - Lane Pederson wins face-off versus David Gustafsson in Manitoba Moose zone.
5:36 of 3rd period - Slapshot by Dylan Holloway.
5:36 of 3rd period - Shot Misses the Net.
5:38 of 3rd period - Snap shot by Dylan Holloway.
5:38 of 3rd period - Stopped by Olle Eriksson-Ek with a rebound.
5:40 of 3rd period - Snap shot by Dylan Holloway.
5:40 of 3rd period - Deflect By Lane Pederson.
5:40 of 3rd period - Shot Blocked by Axel Jonsson-Fjallby.
5:40 of 3rd period - Puck is out of play.
5:41 of 3rd period - David Gustafsson wins face-off versus Lane Pederson in Manitoba Moose zone.
5:54 of 3rd period - Snap shot by Lane Pederson.
5:54 of 3rd period - Stopped by Olle Eriksson-Ek with a rebound.
7:23 of 3rd period - Penalty to Jeff Malott is over, Jeff Malott is back on ice.
8:12 of 3rd period - Slapshot by David Gustafsson.
8:12 of 3rd period - Shot Misses the Net.
8:14 of 3rd period - Wrist shot by David Gustafsson.
8:14 of 3rd period - Goal by David Gustafsson - Bakersfield Condors : 4 - Manitoba Moose : 2.
8:15 of 3rd period - Lane Pederson wins face-off versus Kristian Reichel in neutral zone.
8:18 of 3rd period - Wrist shot by Dylan Holloway.
8:18 of 3rd period - Stopped by Olle Eriksson-Ek without a rebound.
8:19 of 3rd period - Kristian Reichel wins face-off versus Lane Pederson in Manitoba Moose zone.
8:30 of 3rd period - Snap shot by Jeffrey Viel.
8:30 of 3rd period - Shot Blocked by Lane Pederson.
8:32 of 3rd period - Snap shot by Sam Anas.
8:32 of 3rd period - Shot Misses the Net.
8:34 of 3rd period - Wrist shot by Sam Anas.
8:34 of 3rd period - Stopped by Calvin Pickard with a rebound.
8:44 of 3rd period - Wrist shot by Dominic Toninato.
8:44 of 3rd period - Shot Blocked by Cam Dineen.
8:46 of 3rd period - Slapshot by Kyle Capobianco.
8:46 of 3rd period - Deflect By Dominic Toninato.
8:46 of 3rd period - Stopped by Calvin Pickard without a rebound.
8:47 of 3rd period - Greg McKegg wins face-off versus Dominic Toninato in Bakersfield Condors zone.
8:58 of 3rd period - Minor Penalty to Noel Hoefenmayer for Hooking.
8:59 of 3rd period - Dylan Holloway wins face-off versus Axel Jonsson-Fjallby in Bakersfield Condors zone.
8:59 of 3rd period - Dylan Holloway is hit by Axel Jonsson-Fjallby.
9:30 of 3rd period - Slapshot by Jeffrey Viel.
9:30 of 3rd period - Shot Blocked by Philip Broberg.
9:32 of 3rd period - Slapshot by Lawrence Pilut.
9:32 of 3rd period - Goal by Lawrence Pilut - Bakersfield Condors : 4 - Manitoba Moose : 3.
9:33 of 3rd period - Greg McKegg wins face-off versus Saku Maenalanen in neutral zone.
10:00 of 3rd period - Double Minor Penalty to Lane Pederson for Slashing.
10:01 of 3rd period - David Gustafsson wins face-off versus Dylan Holloway in Bakersfield Condors zone.
10:16 of 3rd period - Wrist shot by James Hamblin.
10:16 of 3rd period - Shot Misses the Net.
10:43 of 3rd period - Snap shot by Sam Anas.
10:43 of 3rd period - Goal by Sam Anas - Bakersfield Condors : 4 - Manitoba Moose : 4.
10:44 of 3rd period - Dylan Holloway wins face-off versus David Gustafsson in neutral zone.
10:49 of 3rd period - Snap shot by Saku Maenalanen.
10:49 of 3rd period - Shot Hit the Post.
10:53 of 3rd period - Wrist shot by David Gustafsson.
10:53 of 3rd period - Stopped by Calvin Pickard without a rebound.
10:54 of 3rd period - David Gustafsson wins face-off versus Dylan Holloway in Bakersfield Condors zone.
11:27 of 3rd period - Wrist shot by David Gustafsson.
11:27 of 3rd period - Shot Misses the Net.
11:29 of 3rd period - Slapshot by Kyle Capobianco.
11:29 of 3rd period - Goal by Kyle Capobianco - Bakersfield Condors : 4 - Manitoba Moose : 5.
11:30 of 3rd period - Raphael Lavoie wins face-off versus Kristian Reichel in neutral zone.
11:33 of 3rd period - Kyle Capobianco is hit by Greg McKegg and loses puck.
11:38 of 3rd period - Snap shot by Drake Caggiula.
11:38 of 3rd period - Stopped by Olle Eriksson-Ek with a rebound.
11:40 of 3rd period - Wrist shot by Greg McKegg.
11:40 of 3rd period - Deflect By Drake Caggiula.
11:40 of 3rd period - Goal by Drake Caggiula - Bakersfield Condors : 5 - Manitoba Moose : 5.
11:41 of 3rd period - David Gustafsson wins face-off versus Dylan Holloway in neutral zone.
11:46 of 3rd period - Snap shot by Lane Pederson.
11:46 of 3rd period - Stopped by Olle Eriksson-Ek with a rebound.
12:17 of 3rd period - Wrist shot by Jeffrey Viel.
12:17 of 3rd period - Shot Misses the Net.
12:28 of 3rd period - Off-side.
12:29 of 3rd period - Riley Sheahan wins face-off versus Noah Philp in neutral zone.
12:56 of 3rd period - Xavier Bourgault is hit by Axel Jonsson-Fjallby and loses puck.
13:41 of 3rd period - Snap shot by Dominic Toninato.
13:41 of 3rd period - Stopped by Calvin Pickard with a rebound.
13:43 of 3rd period - Slapshot by Declan Chisholm.
13:43 of 3rd period - Stopped by Calvin Pickard with a rebound.
13:45 of 3rd period - Snap shot by Dominic Toninato.
13:45 of 3rd period - Shot Blocked by Markus Niemelainen.
14:46 of 3rd period - Drake Caggiula is hit by Lawrence Pilut.
15:21 of 3rd period - Off-side.
15:22 of 3rd period - David Gustafsson wins face-off versus Lane Pederson in neutral zone.
16:06 of 3rd period - Snap shot by Raphael Lavoie.
16:06 of 3rd period - Stopped by Olle Eriksson-Ek without a rebound.
16:07 of 3rd period - Kristian Reichel wins face-off versus Greg McKegg in Manitoba Moose zone.
16:07 of 3rd period - Kristian Reichel is hit by Drake Caggiula.
16:19 of 3rd period - Slapshot by Philip Broberg.
16:19 of 3rd period - Shot Misses the Net.
16:53 of 3rd period - Lawrence Pilut is hit by Philip Kemp and loses puck.
17:20 of 3rd period - Snap shot by Jeffrey Viel.
17:20 of 3rd period - Stopped by Calvin Pickard with a rebound.
17:22 of 3rd period - Snap shot by Jeffrey Viel.
17:22 of 3rd period - Stopped by Calvin Pickard without a rebound.
17:23 of 3rd period - Riley Sheahan wins face-off versus Raphael Lavoie in Bakersfield Condors zone.
17:37 of 3rd period - Off-side.
17:38 of 3rd period - Greg McKegg wins face-off versus Saku Maenalanen in neutral zone.
Goals for this period are 1 for Bakersfield Condors vs 4 for Manitoba Moose.
Shots for this period are 9 for Bakersfield Condors vs 17 for Manitoba Moose.

Overtime #1


0:01 of 1st overtime period - Lane Pederson wins face-off versus Saku Maenalanen in neutral zone.
0:31 of 1st overtime period - Wrist shot by David Gustafsson.
0:31 of 1st overtime period - Stopped by Calvin Pickard with a rebound.
0:34 of 1st overtime period - Icing by Ty Tullio.
0:35 of 1st overtime period - Saku Maenalanen wins face-off versus Drake Caggiula in Bakersfield Condors zone.
3:14 of 1st overtime period - Jeffrey Viel is hit by Raphael Lavoie and loses puck.
3:30 of 1st overtime period - Off-side.
3:31 of 1st overtime period - Saku Maenalanen wins face-off versus Lane Pederson in neutral zone.
3:34 of 1st overtime period - Snap shot by Saku Maenalanen.
3:34 of 1st overtime period - Shot Blocked by Raphael Lavoie.
3:36 of 1st overtime period - Slapshot by Ville Heinola.
3:36 of 1st overtime period - Deflect By Raphael Lavoie.
3:36 of 1st overtime period - Stopped by Calvin Pickard with a rebound.
3:52 of 1st overtime period - Kristian Reichel is hit by Philip Broberg and loses puck.
3:57 of 1st overtime period - Snap shot by Dylan Holloway.
3:57 of 1st overtime period - Shot Misses the Net.
3:59 of 1st overtime period - Snap shot by Drake Caggiula.
3:59 of 1st overtime period - Shot Blocked by Kristian Reichel.
4:01 of 1st overtime period - Wrist shot by Dylan Holloway.
4:01 of 1st overtime period - Goal by Dylan Holloway - Bakersfield Condors : 6 - Manitoba Moose : 5.
Goals for this period are 1 for Bakersfield Condors vs 0 for Manitoba Moose.
Shots for this period are 1 for Bakersfield Condors vs 2 for Manitoba Moose.